 Dungeon Crawl Stone Soup version 0.19.1 (webtiles) character file.

29472 Gargoyl the Protected (level 13, -3/111 HPs)
             Began as a Ghoul Abyssal Knight on Dec 7, 2016.
             Was a High Priest of Lugonu.
             Killed from afar by an ice statue (18 damage)
             ... with a shard of ice
             ... in an ice cave.
             The game lasted 00:36:26 (17181 turns).

Gargoyl the Protected (Ghoul Abyssal Knight)       Turns: 17181, Time: 00:36:26

Health: -3/111     AC: 22    Str: 23    XL:     13   Next: 45%
Magic:  15/19      EV: 10    Int:  5    God:    Lugonu [*****.]
Gold:   962        SH:  0    Dex:  9    Spells: 0 memorised, 12 levels left

rFire  . . .     SeeInvis +     P - +7 hand axe
rCold  + . .     Gourm    .     r - +1 chain mail "Qoprakou" {rN+ Str+3}
rNeg   + + +     Faith    .     (no shield)
rPois  ∞         Spirit   .     v - +0 helmet
rElec  +         Reflect  .     u - +2 cloak
rCorr  .         Harm     .     B - +2 pair of gloves
MR     .....                    (no boots)
Stlth  ..........               (no amulet)
                                A - ring of see invisible
                                o - ring "Ediriso" {+Blink rElec Int-2 Stlth+}

@: rotting
A: rotting body, claws 1, carnivore 3, cold resistance 1, negative energy
resistance 3, slow regeneration 1, torment resistance, unbreathing
a: Depart the Abyss, Bend Space, Banish, Corrupt, Enter the Abyss, Renounce
Religion, Evoke Blink


You were in an ice cave.
You worshipped Lugonu.
Lugonu was extremely pleased with you.
You were not hungry.

You visited 2 branches of the dungeon, and saw 13 of its levels.
You visited the Abyss 1 time.
You also visited: Sewer and Ice Cave.

You collected 962 gold pieces.

Inventory:

Hand Weapons
 g - a +1 falchion of flaming
 j - a +3 trident
 F - a +0 war axe
 P - a +7 hand axe (weapon)
Missiles
 k - 29 tomahawks (quivered)
Armour
 r - the +1 chain mail "Qoprakou" (worn) {rN+ Str+3}
   (You took it off an orc on level 9 of the Dungeon)

   It affects your strength (+3).
   It protects you from negative energy.
 u - a +2 cloak (worn)
 v - a +0 helmet (worn)
 B - a +2 pair of gloves (worn)
Jewellery
 o - the ring "Ediriso" (left hand) {+Blink rElec Int-2 Stlth+}
   (You found it in a sewer)

   [ring of stealth]

   It affects your intelligence (-2).
   It insulates you from electricity.
   It lets you blink.
   It makes you more stealthy.
 A - a ring of see invisible (right hand)
Wands
 b - a wand of flame (37/48)
 s - a wand of paralysis (10/24)
 y - a wand of teleportation (4/9)
 G - a wand of lightning (6/15)
 H - a wand of digging (10/24)
 K - a wand of lightning (6/15)
Scrolls
 a - a scroll of enchant weapon
 f - 2 scrolls of recharging
 h - 5 scrolls of teleportation
 i - 8 scrolls of remove curse
 n - 7 scrolls of identify
 t - a scroll of fear
 x - a scroll of fog
 E - a scroll of amnesia
 J - 2 scrolls of silence
Potions
 e - 2 potions of haste
 l - 6 potions of curing
 m - 2 potions of agility
 D - 5 potions of brilliance
Books
 z - a book of Minor Magic

   Spells                             Type                      Level
   a - Magic Dart                     Conjuration                  1
   b - Blink                          Translocation                2
   c - Call Imp                       Summoning                    2
   d - Repel Missiles                 Charms/Air                   2
   e - Slow                           Hexes                        2
   f - Conjure Flame                  Conjuration/Fire             3
   g - Mephitic Cloud                 Conjuration/Poison/Air       3
 C - a Young Poisoner's Handbook

   Spells                             Type                      Level
   a - Sting                          Conjuration/Poison           1
   b - Mephitic Cloud                 Conjuration/Poison/Air       3
   c - Olgreb's Toxic Radiance        Poison                       4
   d - Alistair's Intoxication        Transmutation/Poison         5
   e - Venom Bolt                     Conjuration/Poison           5
Comestibles
 c - 10 meat rations
 p - 8 slices of pizza
 q - a royal jelly
 w - 5 beef jerkies


   Skills:
 + Level 9.4 Fighting
 + Level 1.7 Long Blades
 + Level 11.3 Axes
 + Level 0.8(7.2) Polearms
 + Level 0.6 Throwing
 * Level 12.6 Armour
 + Level 3.3 Dodging
 * Level 10.4 Invocations


You had 12 spell levels left.
You didn't know any spells.

Dungeon Overview and Level Annotations

Branches:
Dungeon (9/15)             Temple (0/1) D:7            Lair (4/6) D:8
 Shoals (0/4) Lair:2       Spider (0/4) Lair:4
    Orc: D:9-12

Altars:
Ashenzari
Cheibriados
Elyvilon
Fedhas
Gozag
Hepliaklqana
Kikubaaqudgha
Makhleb
Okawaru
Trog
Uskayaw
Vehumet
Beogh

Shops:
D:7 (

Annotations:
IceCv exclusion: ice statue


Innate Abilities, Weirdness & Mutations

Your body is rotting away.
You thrive on raw meat.
You are immune to poison.
You have sharp fingernails.
You are carnivorous and can eat meat at any time.
Your flesh is cold resistant. (rC+)
You are immune to negative energy. (rN+++)
You regenerate slowly when monsters are visible.
You are immune to unholy pain and torment.
You can survive without breathing.


Message History

* * * LOW HITPOINT WARNING * * *
The ice beast barely misses you. The ice beast closely misses you.
Unknown command.
You feel much better. The ice statue gestures at you.
The freezing blast hits you! You resist.
* * * LOW HITPOINT WARNING * * *
The ice beast hits you but does no damage. x2
You feel better. The ice statue gestures at you. The shard of ice hits you!
You partially resist.
* * * LOW HITPOINT WARNING * * *
The ice beast hits you but does no damage. x2
Press: ? - help, Shift-Dir - straight line, f - ice statue
Aim: an ice statue (almost destroyed, magic immune)
The ice statue is unaffected.
You feel somewhat more hungry.
Lugonu is no longer ready to corrupt your weapon.
The ice statue gestures at you. The shard of ice hits you!
You partially resist.
You die...

## #.#
####Y.#..#
##..@8Y≈#
##....Y##}#
#..##.##
#..#####
#.####.##
#..#.≈..#
##..§§§§##
#..§###§.##
##.#####§.##


You could see an ice statue and 3 ice beasts.

Vanquished Creatures
  The ghost of Mandevil the Spear-Bearer, a journeyman HuFi of Hepliaklqana (Lair:3)
  4 hydras
  3 death yaks
  The ghost of BoredOne the Apostle, a novice HOMo of Beogh (D:9)
  The ghost of Banto the Nimble, a novice HESk of Okawaru (D:8)
  Nergalle (Lair:2)
  A hill giant (D:9)
  2 black mambas (Lair:2)
  6 spiny frogs
  2 kobold demonologists (D:8)
  3 komodo dragons (Lair:2)
  A hornet (D:9)
  A polar bear (IceCv)
  A two-headed ogre (D:8)
  2 dream sheep (D:8)
  5 blink frogs (Lair:3)
  5 hippogriffs
  Sigmund (D:4)
  A shadow (D:9)
  33 yaks
  2 wyverns
  A basilisk (Lair:4)
  A steam dragon (Lair:3)
  7 water moccasins
  8 porcupines
  2 black bears
  An ice beast (D:8)
  7 orc warriors
  2 sky beasts (D:9)
  4 phantoms
  6 wolves
  2 centaurs
  5 ogres
  7 crocodiles
  5 big kobolds (D:8)
  Blork the orc (D:6)
  A gnoll sergeant (D:9)
  20 bullfrogs
  A wyvern zombie (D:8)
  2 wyvern skeletons
  A water moccasin skeleton (D:4)
  4 scorpions
  An electric eel (Lair:1)
  5 wights (D:8)
  2 howler monkeys
  5 crimson imps
  A bullfrog zombie (D:9)
  2 centaur zombies
  4 orc priests (D:8)
  3 hounds
  A bullfrog skeleton (D:9)
  A centaur skeleton (D:5)
  4 jellies
  Terence (D:3)
  An iguana (Lair:1)
  10 orc wizards
  5 worker ants
  Robin (D:4)
  A worker ant zombie (D:5)
  A howler monkey skeleton (D:8)
  5 gnolls
  9 adders
  2 shadow imps
  12 white imps (Lair:4)
  An ooze (D:4)
  An adder skeleton (D:5)
  3 worms
  A dart slug (D:6)
  4 leopard geckos
  52 orcs
  12 bats
  14 giant cockroaches
  17 goblins
  8 hobgoblins
  8 jackals
  3 quokkas
  2 ball pythons
  9 frilled lizards
  11 kobolds
  A quokka zombie (D:6)
  13 rats
  2 fungi
404 creatures vanquished.

Vanquished Creatures (others)
  2 death yaks
  A manticore (Lair:2)
  A komodo dragon (Lair:2)
  A polar bear (IceCv)
  An orc warrior (D:6)
  3 fungi
9 creatures vanquished.

Grand Total: 413 creatures vanquished

Notes
Turn   | Place    | Note
-------+----------+-------------------------------------------
     0 | Abyss:1  | Gargoyl the Ghoul Abyssal Knight began the quest for the Orb.
     0 | Abyss:1  | Reached XP level 1. HP: 19/19 MP: 1/1
   122 | Abyss:1  | Noticed an iron imp
   122 | Abyss:1  | Noticed an iron imp
   138 | Abyss:1  | Noticed a small abomination
   144 | Abyss:1  | Noticed a raiju
   147 | D:1      | Escaped the Abyss
   244 | D:1      | Reached skill level 2 in Armour
   244 | D:1      | Reached XP level 2. HP: 3/26 MP: 2/2
   342 | D:1      | Reached * piety under Lugonu
   418 | D:1      | Reached skill level 1 in Dodging
   545 | D:1      | Reached XP level 3. HP: 30/31 MP: 3/3
  1513 | D:2      | Reached ** piety under Lugonu
  1726 | D:2      | Reached XP level 4. HP: 14/40 MP: 4/4
  2286 | D:3      | Found a faded altar of an unknown god.
  2373 | D:3      | Found a radiant altar of Vehumet.
  2376 | D:3      | Found a hide-covered altar of Uskayaw.
  2387 | D:3      | Found a blossoming altar of Fedhas.
  2527 | D:3      | Reached skill level 3 in Armour
  2640 | D:3      | Reached XP level 5. HP: 44/46 MP: 6/6
  2757 | D:3      | Noticed Terence
  2771 | D:3      | Killed Terence
  3002 | D:3      | Reached *** piety under Lugonu
  3043 | D:4      | Found a glowing drain.
  3090 | Sewer    | Entered a sewer
  3136 | Sewer    | Noticed a crocodile
  3172 | Sewer    | Killed a crocodile
  3172 | Sewer    | Reached XP level 6. HP: 27/52 MP: 7/7
  3197 | Sewer    | Got a glittering pewter ring
  3210 | Sewer    | Identified the ring "Ediriso" {+Blink rElec Int-2 Stlth+} (You found it in a sewer)
  3251 | D:4      | Found an opulent altar of Gozag.
  3277 | D:4      | Noticed Robin
  3294 | D:4      | Killed Robin
  3429 | D:4      | Noticed Sigmund
  3441 | D:4      | Reached skill level 4 in Armour
  3517 | D:4      | Killed Sigmund
  3517 | D:4      | Reached XP level 7. HP: 49/59 MP: 7/9
  3562 | D:4      | Reached **** piety under Lugonu
  3608 | D:4      | Found an ancient bone altar of Kikubaaqudgha.
  3787 | D:5      | Entered Level 5 of the Dungeon
  3920 | D:5      | Found a white marble altar of Elyvilon.
  4181 | D:5      | Found a bloodstained altar of Trog.
  4381 | D:6      | Reached XP level 8. HP: 66/67 MP: 10/10
  4495 | D:6      | Reached skill level 5 in Invocations
  4677 | D:6      | Reached skill level 5 in Axes
  4760 | D:6      | Found a snail-covered altar of Cheibriados.
  4813 | D:6      | Reached skill level 5 in Armour
  4926 | D:6      | Noticed Blork the orc
  5088 | D:6      | Killed Blork the orc
  5155 | D:6      | Found a hazy altar of Hepliaklqana.
  5416 | D:7      | Found Emibburak's Weapon Shop.
  5424 | D:7      | Found a staircase to the Ecumenical Temple.
  5614 | D:7      | Reached XP level 9. HP: 57/73 MP: 12/12
  5672 | D:7      | Found a faded altar of an unknown god.
  5672 | D:7      | Found an iron altar of Okawaru.
  5678 | D:7      | Found a faded altar of an unknown god.
  5680 | D:7      | Found a burning altar of Makhleb.
  5682 | D:7      | Found a faded altar of an unknown god.
  5776 | D:7      | Reached skill level 5 in Fighting
  5972 | D:7      | Reached skill level 6 in Armour
  6404 | D:8      | Noticed a two-headed ogre
  6613 | D:8      | Killed a two-headed ogre
  6709 | D:8      | Found a shattered altar of Ashenzari.
  6786 | D:8      | Reached skill level 7 in Armour
  6809 | D:8      | Found a staircase to the Lair.
  7014 | D:8      | Found a roughly hewn altar of Beogh.
  7067 | Lair:1   | Entered Level 1 of the Lair of Beasts
  7284 | Lair:1   | Reached XP level 10. HP: 34/83 MP: 14/14
  7492 | D:8      | Reached ***** piety under Lugonu
  7731 | D:8      | Noticed a kobold demonologist
  7732 | D:8      | Noticed a kobold demonologist
  7747 | D:8      | Noticed Banto's ghost (novice HESk)
  7752 | D:8      | Noticed a smoke demon
  7753 | D:8      | Noticed a rust devil
  7753 | D:8      | Killed a kobold demonologist
  7753 | D:8      | Reached skill level 8 in Armour
  7755 | D:8      | Noticed a rust devil
  7755 | D:8      | Noticed an orange demon
  7775 | D:8      | Killed a kobold demonologist
  7946 | D:8      | Killed Banto's ghost
  8719 | D:8      | Reached skill level 9 in Armour
  8758 | D:8      | Noticed a three-headed hydra
  8763 | D:8      | Killed a one-headed hydra
  8763 | D:8      | Reached XP level 11. HP: 77/92 MP: 15/15
  8971 | D:9      | Noticed BoredOne's ghost (novice HOMo)
  9032 | D:9      | Killed BoredOne's ghost
  9262 | D:9      | Reached skill level 1 in Long Blades
  9361 | D:9      | Got a warped chain mail
  9396 | D:9      | Identified the +1 chain mail "Qoprakou" {rN+ Str+3} (You took it off an orc on level 9 of the Dungeon)
  9469 | D:9      | Noticed a hill giant
  9478 | D:9      | Killed a hill giant
 10104 | Lair:1   | Reached skill level 10 in Armour
 10260 | Lair:1   | Noticed a seven-headed hydra
 10272 | Lair:1   | Killed a one-headed hydra
 10859 | Lair:1   | Reached XP level 12. HP: 29/101 MP: 17/17
 11382 | Lair:2   | Reached skill level 10 in Axes
 11531 | Lair:2   | Reached skill level 11 in Armour
 11687 | Lair:2   | Reached ****** piety under Lugonu
 11947 | Lair:2   | Found a staircase to the Shoals.
 11990 | Lair:2   | HP: 5/103 [manticore (12)]
 11990 | Lair:2   | HP: 1/103 [manticore (4)]
 13318 | Lair:3   | Noticed a death yak
 13318 | Lair:3   | Noticed a death yak
 13388 | Lair:2   | Killed a death yak
 13586 | Lair:3   | Killed a death yak
 13765 | Lair:3   | Noticed Mandevil's ghost (journeyman HuFi)
 13945 | Lair:3   | Killed Mandevil's ghost
 14469 | Lair:3   | Reached skill level 12 in Armour
 14555 | Lair:3   | Noticed a five-headed hydra
 14568 | Lair:3   | Killed a one-headed hydra
 14568 | Lair:3   | Reached XP level 13. HP: 76/110 MP: 19/19
 14779 | Lair:3   | Noticed Nergalle
 14820 | Lair:2   | Killed Nergalle
 14879 | Lair:3   | Reached skill level 10 in Invocations
 16705 | Lair:4   | Found a hole to the Spider Nest.
 16919 | Lair:4   | Found a frozen archway.
 16952 | IceCv    | Entered an ice cave
 17178 | IceCv    | HP: 1/111 [ice statue/shard of ice (19)]
 17181 | IceCv    | Killed from afar by an ice statue

Skill      XL: |  1  2  3  4  5  6  7  8  9 10 11 12 13 |
---------------+----------------------------------------+-----
Armour         | 2 3 4 5 7 9 10 12 | 12.6
Dodging        | 1 2 3 |  3.3
Axes           | 2 3 4 5 7 8 9 10 11 | 11.3
Invocations    | 3 4 5 6 7 8 9 10 | 10.4
Fighting       | 4 6 7 8 9 |  9.4
Long Blades    | 1 |  1.7
Polearms       | |  0.8
Throwing       | |  0.6

Action                   |  1- 3 |  4- 6 |  7- 9 | 10-12 | 13-15 || total
-------------------------+-------+-------+-------+-------+-------++-------
Melee: Hand axe          |   137 |   281 |   471 |   967 |   281 ||  2137
       Trident           |       |     7 |    16 |       |       ||    23
       Falchion          |       |       |       |    26 |    12 ||    38
Throw: Tomahawk          |       |     1 |    10 |     4 |       ||    15
Invok: Depart the Abyss  |     1 |       |       |       |       ||     1
       Banish            |       |       |     1 |     2 |     4 ||     7
  Use: Scroll            |       |     9 |    16 |     1 |     1 ||    27
       Potion            |       |     3 |     3 |     3 |     8 ||    17
  Eat: Chunk             |    13 |    33 |    43 |   135 |    16 ||   240
       Beef jerky        |       |       |     1 |       |       ||     1
Armor: Ring mail         |    56 |   144 |    70 |       |       ||   270
       Chain mail        |       |       |    33 |   385 |   204 ||   622
       Plate armour      |       |       |   260 |   285 |       ||   545
Dodge: Dodged            |    87 |   232 |   219 |   354 |   123 ||  1015
       Rpst.: Falchion   |       |       |       |     4 |     3 ||     7
